 Dungeon Crawl Stone Soup version 0.27.1-33-g824d729ab1 (webtiles) character file.

Game seed: 11382266344693834406

561 eliilek the Shield-Bearer (level 7, -1/61 HPs)
             Began as a Minotaur Fighter on Dec 31, 2021.
             Was a Believer of Okawaru.
             Slain by shaggyschweig's ghost (11 damage)
             ... on level 4 of the Dungeon.
             The game lasted 00:25:45 (3524 turns).

eliilek the Shield-Bearer (Minotaur Fighter)        Turns: 3524, Time: 00:25:46

Health: -1/61      AC: 12    Str: 21    XL:     7   Next: 9%
Magic:  5/6        EV:  6    Int:  5    God:    Okawaru [**....]
Gold:   191        SH: 10    Dex: 11    Spells: 6/6 levels left

rFire    . . .     SeeInvis .   a - +0 flail
rCold    . . .     Faith    .   c - +0 kite shield
rNeg     . . .     Spirit   .   q - +0 chain mail
rPois    .         Reflect  .   (helmet restricted)
rElec    .         Harm     .   d - +1 cloak
rCorr    .         Rampage  .   (no gloves)
Will     .....                  (no boots)
Stlth    ..........             (no amulet)
HPRegen  0.20/turn              (no ring)
MPRegen  0.10/turn              (no ring)

@: hasted, very quick
A: horns 2, retaliatory headbutt
a: Renounce Religion, Heroism


You were on level 4 of the Dungeon.
You worshipped Okawaru.
Okawaru was pleased with you.
You visited 1 branch of the dungeon, and saw 4 of its levels.

You collected 191 gold pieces.

Inventory:

Hand Weapons
 a - a +0 flail (weapon)
Missiles
 h - 121 stones (quivered)
 j - 4 curare-tipped darts
Armour
 c - a +0 kite shield (worn)
 d - a +1 cloak (worn)
 q - a +0 chain mail (worn)
Wands
 p - a wand of iceblast (8)
Scrolls
 e - a scroll of brand weapon {unknown}
 f - 3 scrolls of identify {unknown}
 k - a scroll of amnesia {unknown}
 l - a scroll of noise {unknown}
 m - 2 scrolls of teleportation {unknown}
 o - a scroll of fear {unknown}
Potions
 g - 2 potions of haste
 i - 2 potions of curing {unknown}
 n - a potion of cancellation {unknown}


   Skills:
 + Level 5.2 Fighting
 * Level 5.7 Maces & Flails
 + Level 5.1 Armour
 * Level 6.4 Shields


You had 6 spell levels left.
You didn't know any spells.
Your spell library contained the following spells:

 Spells                   Type           Power      Damage    Failure   Level
 Call Canine Familiar     Summ           0%         N/A       100%        3
 Portal Projectile        Hex/Tloc       0%         N/A       100%        3
 Leda's Liquefaction      Hex/Erth       0%         N/A       100%        4


Dungeon Overview and Level Annotations

Branches:
Dungeon (4/15)             Temple (0/1) D:4

Altars:
Elyvilon
Makhleb
Okawaru

Annotations:
D:4 shaggyschweig's ghost, novice GrHu


Innate Abilities, Weirdness & Mutations

You have a pair of horns on your head.
You reflexively headbutt those who attack you in melee.


Message History

You barely miss shaggyschweig's ghost.
You hit shaggyschweig's ghost but do no damage.
You headbutt shaggyschweig's ghost.
Shaggyschweig's ghost is lightly damaged.
Shaggyschweig's ghost hits you but does no damage.
You hit shaggyschweig's ghost but do no damage.
Shaggyschweig's ghost is lightly damaged.
You block shaggyschweig's ghost's attack.
You barely miss shaggyschweig's ghost.
Shaggyschweig's ghost hits you but does no damage.
You closely miss shaggyschweig's ghost.
You block shaggyschweig's ghost's attack.
You hit shaggyschweig's ghost.
Shaggyschweig's ghost is lightly damaged.
You hit shaggyschweig's ghost.
Shaggyschweig's ghost is lightly damaged.
You block shaggyschweig's ghost's attack.
You hit shaggyschweig's ghost.
Your headbutt misses shaggyschweig's ghost.
Shaggyschweig's ghost is lightly damaged.
Shaggyschweig's ghost barely misses you.
You closely miss shaggyschweig's ghost.
Your headbutt misses shaggyschweig's ghost.
Shaggyschweig's ghost is lightly damaged.
You feel like a meek peon again.
Shaggyschweig's ghost whispers, "Death doesn't hurt.
What you feel is life." Shaggyschweig's ghost hits you.
* * * LOW HITPOINT WARNING * * *
It was a potion of haste.
You feel yourself speed up.
Shaggyschweig's ghost hits you but does no damage.
You closely miss shaggyschweig's ghost.
Shaggyschweig's ghost is lightly damaged.
Shaggyschweig's ghost hits you.
* * * LOW HITPOINT WARNING * * *
You hit shaggyschweig's ghost. You headbutt shaggyschweig's ghost.
Shaggyschweig's ghost is lightly damaged.
Shaggyschweig's ghost hits you.
* * * LOW HITPOINT WARNING * * *
You are electrocuted!
You die...

########..###..##..#####..
#...................#..
#...................#..
#...................#..
#...................#))
#...................#.[
#.....S.............#.)
#...##W##.####.....##..
###...##@##.####.....####
#......#.................
#......#.................
#......#.................
#......#.................
#......#.................
#....###....###....######
#.#### ###..###....# ..
........'≈≈≈≈$≈#....#..[.#
..


You could see shaggyschweig's ghost and an adder.

Vanquished Creatures
  Sigmund (D:3)
  2 ogres (D:4)
  Crazy Yiuf (D:3)
  Terence (D:4)
  Natasha (thrice) (D:3)
  3 adders
  A white imp (D:3)
  3 worms (D:2)
  3 dart slugs
  5 orcs
  3 bats
  2 endoplasms (D:3)
  A giant cockroach (D:4)
  8 goblins
  8 hobgoblins
  3 kobolds
  A quokka (D:2)
  9 ball pythons
  4 rats
62 creatures vanquished.

Notes
Turn   | Place    | Note
-------+----------+-------------------------------------------
     0 | D:1      | eliilek the Minotaur Fighter began the quest for the Orb.
     0 | D:1      | Reached XP level 1. HP: 19/19 MP: 0/0
   147 | D:1      | You fall into a shaft and drop 1 floor!
   245 | D:2      | Found a faded altar of an unknown god.
   249 | D:2      | Reached XP level 2. HP: 24/27 MP: 1/1
   255 | D:2      | Became a worshipper of Elyvilon the Healer
   255 | D:2      | Reached * piety under Elyvilon
   511 | D:1      | Reached skill level 4 in Shields
   749 | D:2      | Reached ** piety under Elyvilon
   775 | D:2      | Reached XP level 3. HP: 22/33 MP: 2/2
  1456 | D:2      | Found an iron altar of Okawaru.
  1989 | D:2      | Fell from the grace of Elyvilon
  1989 | D:2      | Became a worshipper of Warmaster Okawaru
  2071 | D:3      | Found a burning altar of Makhleb.
  2132 | D:3      | Noticed Sigmund
  2142 | D:3      | Killed Sigmund
  2142 | D:3      | Reached * piety under Okawaru
  2143 | D:3      | Reached skill level 5 in Shields
  2143 | D:3      | Reached XP level 4. HP: 41/41 MP: 3/3
  2143 | D:3      | Reached XP level 5. HP: 47/47 MP: 4/4
  2162 | D:3      | Found a runed translucent door.
  2163 | D:3      | Noticed Crazy Yiuf
  2168 | D:3      | Killed Crazy Yiuf
  2388 | D:3      | Noticed Natasha
  2398 | D:3      | Killed Natasha
  2399 | D:3      | Reached XP level 6. HP: 32/53 MP: 5/5
  2675 | D:3      | Noticed Terence
  2843 | D:3      | Noticed Natasha
  2850 | D:3      | Killed Natasha
  2942 | D:3      | Noticed Natasha
  2948 | D:3      | Killed Natasha
  2949 | D:3      | Reached skill level 5 in Maces & Flails
  3127 | D:4      | Reached ** piety under Okawaru
  3128 | D:4      | Reached skill level 6 in Shields
  3224 | D:4      | Reached skill level 5 in Fighting
  3275 | D:4      | Found a staircase to the Ecumenical Temple.
  3297 | D:4      | Reached skill level 5 in Armour
  3297 | D:4      | Reached XP level 7. HP: 53/61 MP: 6/6
  3374 | D:4      | Killed Terence
  3484 | D:4      | Found a runed translucent door.
  3486 | D:4      | Noticed shaggyschweig's ghost (novice GrHu)
  3524 | D:4      | Slain by shaggyschweig's ghost

Illustrated notes

Levels and vault maps discovered:
D:1:      lemuel_arrival_broad_hall, layout_basic
D:2:      layout_basic, basic_altar, ebering_ecumenical_altar_abandoned
D:3:      layout_basic, mainiacjoe_overflow_chevrons, uniq_crazy_yiuf_cottage,
          uniq_terence, uniq_natasha, uniq_sigmund
D:4:      layout_gridville, mainiacjoe_overflow_surrounded_room,
          minmay_temple_entry_drinking_statues, ebering_ghost_sewer_d

Skill      XL: |  1  2  3  4  5  6 |
---------------+-------------------+-----
Shields        | 4 5 6 |  6.4
Maces & Flails | 3 4 5 |  5.7
Fighting       | 4 5 |  5.2
Armour         | 4 5 |  5.1

Action                   |  1- 3 |  4- 6 |  7- 9 || total
-------------------------+-------+-------+-------++-------
Melee: Flail             |    86 |    62 |    27 ||   175
       Headbutt          |     9 |    14 |     5 ||    28
Throw: Dart              |       |     2 |       ||     2
Invok: Heroism           |       |       |     1 ||     1
  Use: Potion            |     1 |       |     1 ||     2
Armor: Scale mail        |    28 |    12 |       ||    40
       Chain mail        |       |       |    10 ||    10
Dodge: Dodged            |    17 |    17 |     3 ||    37
Block: Kite shield       |    36 |    34 |    13 ||    83
